 Dungeon Crawl Stone Soup version 0.32-a0-933-ga8fa363 (webtiles) character file.

Game seed: 15665280448041392466

630 bochi the Cudgeller (level 7, -2/56 HPs)
             Began as a Formicid Fighter on Apr 14, 2024.
             Incinerated by a bombardier beetle (4 damage)
             ... with a burning spray
             ... on level 5 of the Dungeon.
             The game lasted 00:06:27 (4224 turns).

bochi the Cudgeller (Formicid Fighter)              Turns: 4224, Time: 00:06:27

Health: -2/56      AC: 10    Str: 21    XL:     7   Next: 77%
Magic:  7/7        EV:  8    Int:  7    God:
Gold:   270        SH:  5    Dex: 15    Spells: 6/6 levels left

rFire   . . .        a - +0 flail
rCold   . . .        c - +0 buckler
rNeg    . . .        b - +0 scale mail
rPois   .            (helmet unavailable)
rElec   .            h - +1 cloak
rCorr   .            (no gloves)
SInv    +            j - +0 pair of boots
Will    .....        (no amulet) Stlth
                     (no ring)
HPRegen 0.29/turn    (no ring)
MPRegen 0.10/turn

%: no passive effects
@: on fire, glowing
A: permanent stasis, dig shafts and tunnels, antennae 3, four strong arms
a: Dig, Shaft Self


You were on level 5 of the Dungeon.
You visited 1 branch of the dungeon, and saw 5 of its levels.

You collected 270 gold pieces.

Inventory:

Hand Weapons
 a - a +0 flail (weapon)
 r - a +1 whip of pain
Missiles
 p - a boomerang
 s - 2 throwing nets
 x - 2 javelins
 z - 3 curare-tipped darts
Armour
 b - a +0 scale mail (worn)
 c - a +0 buckler (worn)
 h - a +1 cloak (worn)
 j - a +0 pair of boots (worn)
 w - a +0 ring mail of poison resistance
Wands
 o - a wand of charming (8)
 q - a wand of polymorph (5)
 y - a wand of iceblast (7) (quivered)
Scrolls
 e - 3 scrolls of revelation
 f - 2 scrolls of poison {unknown}
 g - a scroll of acquirement {unknown}
 i - a scroll of torment {unknown}
 k - a scroll of silence {unknown}
 v - a scroll of fog {unknown}
Potions
 d - 2 potions of might
 l - 4 potions of degeneration {unknown}
 m - a potion of cancellation {unknown}
 n - a potion of ambrosia
 t - a potion of haste {unknown}
 u - a potion of magic {unknown}
 A - a potion of brilliance {unknown}
 B - a potion of heal wounds


   Skills:
 + Level 5.4 Fighting
 * Level 5.8 Maces & Flails
 + Level 5.3 Armour
 - Level 4.0 Shields


You had 6 spell levels left.
You didn't know any spells.
Your spell library contained the following spells:

 Spells                   Type           Power      Damage    Failure   Level
 Lesser Beckoning         Tloc           0%         N/A       92%         2
 Momentum Strike          Conj/Tloc      0%         3d8       92%         2
 Scorch                   Fire           0%         2d5       92%         2
 Volatile Blastmotes      Fire/Tloc      0%         2d10      99%         3
 Flame Wave               Conj/Fire      0%         2d4       100%        4
 Fulminant Prism          Conj/Alch      0%         3d5       100%        4
 Ignite Poison            Fire/Alch      0%         N/A       100%        4
 Iskenderun's Mystic Bla Conj/Tloc 0%             2d3        (+2d1     100%        4
 Sticky Flame             Fire/Alch      0%         2d4       100%        4
 Alistair's Intoxication  Alch           0%         N/A       100%        5
 Borgnjor's Vile Clutch   Necr/Erth      0%         N/A       100%        5
 Eringya's Noxious Bog    Alch           0%         4d6       100%        6
 Summon Cactus Giant      Summ           0%         N/A       100%        6
 Ignition                 Fire           0%         3d3       100%        8
 Blink                    Tloc           Unusable   N/A       N/A         2

Dungeon Overview and Level Annotations

Branches:
Dungeon (5/15)
 Temple: D:4-7

Altars:
Nemelex Xobeh
Ru

Shops:
D:4 !


Innate Abilities, Weirdness & Mutations

You cannot be hasted, slowed, berserked, paralysed or teleported.
You can dig through walls and to a lower floor.
You have a pair of large antennae on your head. (SInv)
Your four strong arms can wield two-handed weapons with a shield.


Message History

The bombardier beetle is almost dead.
The liquid fire burns you!
You thump the bombardier beetle!
You kill the bombardier beetle!
The liquid fire burns you!
No target in view!
No target in view!
No target in view!
No target in view!
No target in view!
No target in view!
No target in view!
No target in view!
No target in view!
No target in view!
No target in view!
No target in view!
You are on fire!
The liquid fire burns you! The liquid fire burns you!
The liquid fire burns you! The liquid fire burns you!
The liquid fire burns you! The liquid fire burns you!
The liquid fire burns you! The liquid fire burns you!
The liquid fire burns you!
* * * LOW HITPOINT WARNING * * *
The liquid fire burns you!
* * * LOW HITPOINT WARNING * * *
The liquid fire burns you!
* * * LOW HITPOINT WARNING * * *
The liquid fire burns you!
* * * LOW HITPOINT WARNING * * *
The liquid fire burns you!
* * * LOW HITPOINT WARNING * * *
The liquid fire burns you!
* * * LOW HITPOINT WARNING * * *
The liquid fire burns you!
You die...

.# .# ######## ####
.# #......### #.. .#
#........# #.# .##
#.##.....###.###
#.###.##.#.....[...#
.#.......#...###.#.#
...##........#
#.#.##.#
#..##.......##
#@.....#
...##########
#.†.....# .#.#
#.#......# .#.#
########. ..##..#
...#####.....##. ...
.# .#.....#.....##.
.#.# #
...#.........##.
.#.#
##.....#.....##.
.... #.....##.....#


There were no monsters in sight!

Vanquished Creatures
  A black bear (D:5)
  A scorpion (D:5)
  A bombardier beetle (D:5)
  A jelly (D:3)
  An orc wizard (D:5)
  Ijyb (D:3)
  Natasha (thrice) (D:2)
  An iguana (D:4)
  Robin (D:2)
  7 gnolls
  7 adders
  A white imp (D:5)
  3 ribbon worms (D:3)
  2 dart slugs
  10 orcs
  7 endoplasms
  6 giant cockroaches
  23 goblins
  7 hobgoblins
  A jackal (D:3)
  2 quokkas (D:3)
  5 ball pythons
  7 bats
  5 frilled lizards
  3 kobolds
  7 rats
114 creatures vanquished.

Notes
Turn   | Place    | Note
-------+----------+-------------------------------------------
     0 | D:1      | bochi the Formicid Fighter began the quest for the Orb.
     0 | D:1      | Reached XP level 1. HP: 18/18 MP: 1/1
   290 | D:1      | Reached XP level 2. HP: 22/24 MP: 2/2
   617 | D:2      | Reached XP level 3. HP: 29/29 MP: 3/3
   638 | D:2      | Noticed Natasha
   642 | D:2      | Killed Natasha
   703 | D:2      | Reached XP level 4. HP: 37/37 MP: 4/4
   782 | D:2      | Noticed Robin
  1101 | D:2      | Noticed Natasha
  1111 | D:2      | Killed Natasha
  1112 | D:2      | Reached XP level 5. HP: 31/41 MP: 5/5
  1168 | D:2      | Noticed Natasha
  1172 | D:2      | Killed Natasha
  1232 | D:2      | Killed Robin
  1428 | D:3      | Noticed Ijyb
  1457 | D:3      | Killed Ijyb
  1458 | D:3      | Reached XP level 6. HP: 34/49 MP: 6/6
  2483 | D:3      | Reached skill level 5 in Maces & Flails
  2644 | D:3      | Reached XP level 7. HP: 55/55 MP: 7/7
  2668 | D:3      | Noticed Sigmund
  2670 | D:3      | Sigmund changed into Sigmund the goblin
  2670 | D:3      | Noticed Sigmund
  2672 | D:3      | Killed Sigmund the goblin
  2745 | D:4      | Identified the +1 robe of the Gloaming {Regen+ Stlth+
                  | Archmagi}
  2754 | D:4      | Found a sparkling altar of Nemelex Xobeh.
  2854 | D:4      | Reached skill level 5 in Fighting
  3120 | D:4      | Found Juthraut's Distillery.
  3520 | D:4      | Found a sacrificial altar of Ru.
  3576 | D:5      | Entered Level 5 of the Dungeon
  3618 | D:5      | Reached skill level 5 in Armour
  4223 | D:5      | HP: 2/56 [burnt (4)]
  4224 | D:5      | Incinerated by a bombardier beetle

Illustrated notes

Levels and vault maps discovered:
D:1:      heliophobic_arrival_enchanted_forest, layout_basic, chequers_avenue
D:2:      layout_basic, uniq_natasha, uniq_robin
D:3:      minmay_thinvault, layout_loops_ring, minmay_quadrilaterals,
          uniq_sigmund, uniq_ijyb
D:4:      layout_loops_ring, nicolae_ru_path_of_blood,
          nemelex_xobeh_ov_fountains_minmay, serial_shops, shop,
          serial_bayou_crossing
D:5:      layout_loops_cross

Skill      XL: |  1  2  3  4  5  6  7 |
---------------+----------------------+-----
Maces & Flails | 3 4 5 |  5.8
Fighting       | 4 5 |  5.4
Armour         | 4 5 |  5.3
Shields        | |  4.0

Action                     |  1- 3 |  4- 6 |  7- 9 || total
---------------------------+-------+-------+-------++-------
  Melee: Flail             |    42 |   263 |    86 ||   391
Ability: Dig               |       |     2 |       ||     2
  Evoke: Wand              |       |     4 |     3 ||     7
    Use: Scroll            |     1 |     3 |       ||     4
         Potion            |       |     1 |       ||     1
 Armour: Scale mail        |    28 |   214 |    57 ||   299
  Dodge: Dodged            |    10 |   118 |    28 ||   156
  Block: Buckler           |     6 |    68 |    29 ||   103

Table legend: (Time is in decaauts)
 A = Elapsed time spent in this place.
 B = Non-inter-level travel time spent in this place.
 C = Inter-level travel time spent in this place.
 D = Time resting spent in this place.
 E = Time spent auto-exploring this place.
 F = Levels seen in this place.
 G = Mean time per level.
                   A        B        C        D        E       F      G
               +--------+--------+--------+--------+--------+-----+--------+
         Total |   4316 |   4252 |     64 |    175 |   3113 |   5 |  863.2 |
       Dungeon |   4316 |   4252 |     64 |    175 |   3113 |   5 |  863.2 |
               +--------+--------+--------+--------+--------+-----+--------+

Top non-repeatable levels by time:
     D:3: 1456 daAuts
     D:4: 900 daAuts
     D:2: 708 daAuts
     D:5: 655 daAuts
     D:1: 595 daAuts
